 Dungeon Crawl Stone Soup version 0.19-a0-1899-g2d93087 (webtiles) character file.

22083 dobroeutro the Warrior (level 13, -5/116 HPs)
             Began as a Formicid Hunter on Oct 19, 2016.
             Was a High Priest of Okawaru.
             Shot with an arrow by a centaur warrior (13 damage)
             ... on level 13 of the Dungeon.
             The game lasted 00:29:52 (14227 turns).

dobroeutro the Warrior (Formicid Hunter)           Turns: 14227, Time: 00:29:53

Health: -5/116     AC:  6    Str: 23    XL:     13   Next: 24%
Magic:  13/13      EV: 10    Int: 11    God:    Okawaru [*****.]
Gold:   741        SH: 14    Dex:  8    Spells: 0 memorised, 12 levels left

rFire  . . .     SeeInvis +     O - +0 arbalest
rCold  + . .     Gourm    .     c - +0 leather armour
rNeg   + . .     Faith    .     U - +1 shield {reflect}
rPois  +         Spirit   .     (helmet unavailable)
rElec  .         Reflect  +     t - +0 cloak
rCorr  .         Harm     .     (no gloves)
MR     +....                    j - +0 pair of boots
Stlth  +.........               g - +3 amulet of reflection
                                G - ring "Duscho" {rC+ rN+ Str+3 Dex-5}
                                W - ring of poison resistance

@: no status effects
A: permanent stasis, dig shafts and tunnels, four strong arms, antennae 3,
shaggy fur 1
a: Dig, Shaft Self, Heroism, Finesse, Renounce Religion


You were on level 13 of the Dungeon.
You worshipped Okawaru.
Okawaru was extremely pleased with you.
You were near starving.

You visited 2 branches of the dungeon, and saw 14 of its levels.

You collected 741 gold pieces.

Inventory:

Hand Weapons
 a - a +1 hand crossbow
 h - a +0 whip of electrocution
 O - a +0 arbalest (weapon)
Missiles
 d - 41 bolts (quivered)
Armour
 b - the +4 crystal plate armour of the Comet {rElec rF++ Str+8 Slay-6}
   (Okawaru gifted it to you on level 12 of the Dungeon)

   It affects your strength (+8).
   It affects your accuracy and damage with ranged weapons and melee attacks
   (-6).
   It greatly protects you from fire.
   It insulates you from electricity.
 c - a +0 leather armour (worn)
 j - a +0 pair of boots (worn)
 s - a +3 shield
 t - a +0 cloak (worn)
 U - a +1 shield of reflection (worn)
Jewellery
 g - a +3 amulet of reflection (around neck)
 x - an uncursed ring of flight
 y - an uncursed ring of fire
 G - the ring "Duscho" (right hand) {rC+ rN+ Str+3 Dex-5}
   (You found it on level 7 of the Dungeon)

   [ring of strength]

   It affects your strength (+3).
   It affects your dexterity (-5).
   It protects you from cold.
   It protects you from negative energy.
 I - an uncursed ring of resist corrosion
 W - a ring of poison resistance (left hand)
Wands
 D - a wand of confusion (19/48)
 L - a wand of digging (7/24)
 Q - a wand of lightning (9/15)
 T - a wand of digging (14/24)
Scrolls
 e - 2 scrolls of fog
 i - a scroll of recharging
 l - 2 scrolls of enchant weapon {unknown}
 m - 5 scrolls of teleportation
 n - 9 scrolls of identify
 o - 2 scrolls of remove curse
 p - a scroll of blinking
 E - 2 scrolls of magic mapping
 H - 2 scrolls of amnesia
 J - a scroll of enchant armour
 P - a scroll of torment {unknown}
Potions
 k - a potion of degeneration
 v - a potion of flight
 w - a potion of agility
 z - 2 potions of lignification
 F - 2 potions of curing
 K - a potion of cure mutation
 M - a potion of berserk rage {unknown}
 N - a potion of heal wounds
 R - a potion of magic {unknown}
 V - a potion of cancellation {unknown}
Books
 r - a book of Conjurations

   Spells                             Type                      Level
   a - Magic Dart                     Conjuration                  1
   b - Searing Ray                    Conjuration                  2
   c - Dazzling Spray                 Conjuration/Hexes            3
   d - Fulminant Prism                Conjuration/Hexes            4
   e - Iskenderun's Mystic Blast      Conjuration                  4
   f - Iskenderun's Battlesphere      Conjuration/Charms           5
 B - Sif Muna's Collected Works on Creation
   (You found it on level 5 of the Dungeon)

   Spells                             Type                      Level
   a - Summon Small Mammal            Summoning                    1
Comestibles
 f - 3 bread rations
 q - 2 fruits
 u - 8 royal jellies
 A - 4 meat rations
 C - 2 slices of pizza
 S - 2 beef jerkies


   Skills:
 + Level 15.4 Fighting
 + Level 14.6 Crossbows
 - Level 1.7 Dodging
 - Level 1.2 Stealth
 - Level 5.0 Shields


You had 12 spell levels left.
You didn't know any spells.

Dungeon Overview and Level Annotations

Branches:
Dungeon (13/15)            Temple (1/1) D:6            Lair (0/6) D:9
    Orc (0/2) D:9          Vaults (0/5) D:13

Altars:
Ashenzari
Dithmenos
Elyvilon
Gozag
Hepliaklqana
Kikubaaqudgha
Makhleb
Nemelex Xobeh
Okawaru
Qazlal
Ru
Sif Muna
Trog
Uskayaw
Vehumet
Xom
Yredelemnul
Zin
The Shining One

Shops:
D:11 *%(:

Annotations:
D:11 1 exclusion


Innate Abilities, Weirdness & Mutations

You are under a permanent stasis effect.
You can dig through walls and to a lower floor.
Your four strong arms can wield two-handed weapons with a shield.
You have a pair of large antennae on your head. (SInv)
You are covered in fur. (AC +1)


Message History

You reflect the arrow off your +1 shield of reflection!
The arrow hits the centaur warrior!!
The centaur warrior shoots an arrow.
The arrow hits you!! The hill giant simulacrum hits you!
The hill giant simulacrum freezes you! You resist.
* * * LOW HITPOINT WARNING * * *
You extend your mandibles.
You dig through the rock wall.
The centaur warrior shoots an arrow.
The arrow closely misses you.
The centaur warrior shoots an arrow.
The arrow hits you!
* * * LOW HITPOINT WARNING * * *
You see here 2 arrows.
You retract your mandibles.
The centaur warrior shoots an arrow.
You reflect the arrow off your +1 shield of reflection!
The arrow barely misses the centaur warrior.
You extend your mandibles.
You dig through the rock wall.
The centaur warrior shoots an arrow.
You reflect the arrow off your +1 shield of reflection!
The arrow hits the centaur warrior!!
The centaur warrior shoots an arrow.
The arrow hits you!
You die...

#...#####
#...#(.(#
#...#...#
#...#...#
#...)c∩.#
###+#..(#...#
#...#...(...# .#
#...'...#...# ...
#####...@#### ....
#....###
.....###...######
.........#...<..##
#..........†....#
#.........#######
.).........#
...........#
..######....#


You could see a centaur warrior.

Vanquished Creatures
  A stone giant (D:10)
  2 hydras
  Harold (D:11)
  An unseen horror (D:11)
  4 hill giants
  A necromancer (D:13)
  An ugly thing (D:11)
  An elephant (shapeshifter) (D:11)
  2 gargoyles
  A yaktaur (D:11)
  A queen bee (D:8)
  A hornet (D:11)
  3 trolls
  2 two-headed ogres
  3 hippogriffs
  A tarantella (shapeshifter) (D:11)
  20 yaks
  A shadow (D:12)
  A hill giant zombie (D:9)
  A hungry ghost (D:9)
  A vampire mosquito (D:11)
  Menkaure (D:5)
  7 orc warriors
  An eye of draining (D:10)
  6 ice beasts
  2 black bears
  2 necrophages
  A sky beast (D:11)
  An ogre (D:12)
  5 phantoms
  9 centaurs
  A crocodile (D:11)
  4 big kobolds
  6 bullfrogs
  A wyvern zombie (D:11)
  6 scorpions
  2 troll zombies (D:9)
  24 killer bees
  8 howler monkeys
  17 wights
  4 crimson imps
  2 bullfrog zombies
  2 quasits (D:11)
  4 jellies
  8 orc priests
  6 hounds
  11 orc wizards
  A gnoll shaman (D:7)
  Jessica (D:3)
  5 iguanas
  7 worker ants
  3 ogre zombies (D:9)
  A hound zombie (D:8)
  3 worker ant zombies
  4 gnolls (D:7)
  11 adders
  5 river rats (D:9)
  5 shadow imps
  An ooze (D:1)
  2 adder zombies
  A worm (D:3)
  A dart slug (D:4)
  6 leopard geckos
  37 orcs
  9 bats
  7 giant cockroaches
  13 goblins
  11 hobgoblins
  4 jackals (D:11)
  8 quokkas
  2 frilled lizards
  A goblin skeleton (D:9)
  2 goblin zombies (D:9)
  15 kobolds
  A leopard gecko skeleton (D:6)
  A leopard gecko zombie (D:5)
  An orc skeleton (D:9)
  15 orc zombies (D:9)
  A quokka zombie (D:5)
  15 rats
391 creatures vanquished.

Vanquished Creatures (others)
  A centaur warrior (D:11)
  4 centaurs
  A fungus (D:9)
6 creatures vanquished.

Grand Total: 397 creatures vanquished

Notes
Turn   | Place    | Note
-------+----------+-------------------------------------------
     0 | D:1      | dobroeutro the Formicid Hunter began the quest for the Orb.
     0 | D:1      | Reached XP level 1. HP: 16/16 MP: 1/1
   140 | D:1      | Reached XP level 2. HP: 12/23 MP: 2/2
   695 | D:1      | Reached XP level 3. HP: 3/28 MP: 3/3
  1126 | D:1      | Reached skill level 3 in Fighting
  1920 | D:2      | Found a radiant altar of Vehumet.
  1951 | D:2      | Reached XP level 4. HP: 30/35 MP: 4/4
  2068 | D:2      | Found a hide-covered altar of Uskayaw.
  2345 | D:2      | Reached skill level 5 in Crossbows
  2645 | D:3      | Reached skill level 4 in Fighting
  2645 | D:3      | Reached skill level 1 in Shields
  2645 | D:3      | Reached XP level 5. HP: 26/42 MP: 5/5
  2758 | D:3      | Found a radiant altar of Vehumet.
  2774 | D:3      | Found an ancient bone altar of Kikubaaqudgha.
  3051 | D:3      | Noticed Jessica
  3059 | D:3      | Killed Jessica
  3059 | D:3      | Reached XP level 6. HP: 49/49 MP: 6/6
  3977 | D:4      | Found a glowing silver altar of Zin.
  4008 | D:4      | Reached XP level 7. HP: 55/55 MP: 7/7
  4013 | D:4      | Reached skill level 5 in Fighting
  4346 | D:5      | Entered Level 5 of the Dungeon
  4546 | D:5      | Found a sacrificial altar of Ru.
  4562 | D:5      | Noticed Menkaure
  4570 | D:5      | Killed Menkaure
  4697 | D:5      | Reached skill level 5 in Shields
  4697 | D:5      | Reached XP level 8. HP: 53/64 MP: 8/8
  4757 | D:5      | Found a deep blue altar of Sif Muna.
  4772 | D:5      | Reached skill level 6 in Fighting
  4778 | D:5      | Identified Sif Muna's Collected Works on Creation
  5751 | D:6      | Reached skill level 7 in Fighting
  5752 | D:6      | Found a staircase to the Ecumenical Temple.
  5784 | Temple   | Entered the Ecumenical Temple
  5851 | Temple   | Became a worshipper of Warmaster Okawaru
  6006 | D:7      | Got a crude platinum ring
  6027 | D:7      | Identified the ring "Duscho" {rC+ rN+ Str+3 Dex-5} (You found it on level 7 of the Dungeon)
  6086 | D:7      | Reached XP level 9. HP: 72/72 MP: 9/9
  6097 | D:7      | Reached * piety under Okawaru
  6123 | D:7      | Reached skill level 8 in Fighting
  6567 | D:7      | Reached skill level 9 in Fighting
  6631 | D:7      | Found a bloodstained altar of Trog.
  6868 | D:8      | Reached ** piety under Okawaru
  7046 | D:8      | Reached XP level 10. HP: 73/83 MP: 10/10
  7479 | D:8      | Reached skill level 10 in Fighting
  7481 | D:8      | Reached skill level 10 in Crossbows
  7503 | D:8      | You fall through a shaft!
  7831 | D:9      | Reached *** piety under Okawaru
  8350 | D:9      | Reached skill level 11 in Fighting
  8369 | D:9      | Found a staircase to the Orcish Mines.
  8533 | D:8      | You fall through a shaft for 3 floors!
  8533 | D:11     | Found Untin's Book Boutique.
  8730 | D:11     | Noticed a hill giant
  8750 | D:11     | Killed a hill giant
  9068 | D:11     | Reached XP level 11. HP: 40/93 MP: 11/11
  9319 | D:11     | Found Beavin's Weapon Shop.
  9348 | D:11     | Noticed a brown ugly thing
  9355 | D:11     | Killed a brown ugly thing
  9355 | D:11     | Reached **** piety under Okawaru
  9415 | D:11     | Found Weceh's Food Shop.
  9448 | D:11     | Found a shattered altar of Ashenzari.
  9592 | D:11     | Found Wagyfacu's General Store.
  9633 | D:11     | Noticed Harold
  9648 | D:11     | Killed Harold
  9648 | D:11     | Reached skill level 12 in Fighting
  9705 | D:11     | Noticed a centaur warrior
  9707 | D:11     | Killed a centaur warrior
  9726 | D:11     | Gained mutation: You are covered in fur. (AC +1) [mutagenic meat]
  9749 | D:11     | Noticed a fire crab
  9752 | D:10     | Entered Level 10 of the Dungeon
  9774 | D:11     | Noticed a cyclops
  9774 | D:11     | a fire crab changed into a cyclops
  9814 | D:11     | Reached ***** piety under Okawaru
  9814 | D:11     | Received a gift from Okawaru
  9821 | D:11     | Noticed an elephant
  9826 | D:11     | Killed an elephant
 10142 | D:11     | Noticed an unseen horror
 10147 | D:11     | Killed an unseen horror
 10189 | D:11     | Noticed a wizard
 10239 | D:11     | Reached skill level 13 in Fighting
 10648 | D:11     | Received a gift from Okawaru
 11173 | D:10     | Reached XP level 12. HP: 105/105 MP: 9/12
 12242 | D:9      | Received a gift from Okawaru
 12804 | D:9      | Found a staircase to the Lair.
 12807 | D:9      | Reached skill level 14 in Fighting
 13126 | D:10     | Noticed a stone giant
 13135 | D:10     | Killed a stone giant
 13678 | D:12     | Noticed a five-headed hydra
 13682 | D:12     | Killed a five-headed hydra
 13924 | D:12     | Reached XP level 13. HP: 92/114 MP: 13/13
 13940 | D:12     | Received a gift from Okawaru
 13940 | D:12     | Reached skill level 15 in Fighting
 13960 | D:12     | Got a shimmering crystal plate armour {god gift}
 13971 | D:12     | Identified the +4 crystal plate armour of the Comet {rElec rF++ Str+8 Slay-6} (Okawaru gifted it to you on level 12 of the Dungeon)
 14179 | D:13     | Noticed a seven-headed hydra
 14185 | D:13     | Killed a seven-headed hydra
 14215 | D:13     | Found a gate to the Vaults.
 14219 | D:13     | Noticed a centaur warrior
 14227 | D:13     | Shot with an arrow by a centaur warrior

Vault maps used:
D:1:      minmay_arrival_plants_in_alcoves, minmay_misc_feat_cross, minivault_14
D:2:      wad_woods_stonehenge, eat_drink_and_be_merry_uskayaw, first_bread
D:3:      amethyst_overflow_temple_binary, minmay_misc_feat_ornament,
          uniq_jessica
D:4:      zin_treasury
D:5:      lemuel_doored_altar, led_sif_book, uniq_menkaure
D:7:      basic_altar, eino_small_chamber_without_monster
D:8:      david_nohive_1
D:9:      grunt_lair_entry_orc_guard_hut, zombieorc1_lemuel
D:10:     wad_dig_loot
D:11:     minmay_tile_spiral, serial_shops, nicolae_shop_stone, shop, shop,
          shop, lemuel_tele_altar, uniq_harold
D:13:     david_vaults_1, portal_ice_cave_entry_ice_beasts, minmay_bent
Temple:   eino_temple_scatter_basement

Skill      XL: |  1  2  3  4  5  6  7  8  9 10 11 12 13 |
---------------+----------------------------------------+-----
Fighting       | 3 4 5 7 9 11 13 14 15 | 15.4
Crossbows      | 5 6 7 9 11 12 14 | 14.6
Shields        | 1 2 3 5 |  5.0
Dodging        | |  1.7
Stealth        | |  1.2

Action                   |  1- 3 |  4- 6 |  7- 9 | 10-12 | 13-15 || total
-------------------------+-------+-------+-------+-------+-------++-------
Melee: Short sword       |   132 |    50 |       |       |       ||   182
       Whip              |       |       |       |   161 |       ||   161
 Fire: Hand crossbow     |     5 |   104 |   291 |   194 |       ||   594
       Arbalest          |       |       |       |   367 |    56 ||   423
Invok: Heroism           |       |       |       |    10 |       ||    10
 Abil: Evoke Flight      |       |       |     1 |       |       ||     1
       Dig               |       |       |       |    20 |     2 ||    22
       Shaft Self        |       |       |       |     2 |       ||     2
  Use: Potion            |       |     3 |       |     4 |       ||     7
       Scroll            |       |       |    17 |     1 |       ||    18
 Stab: Sleeping          |     1 |     3 |       |       |       ||     4
  Eat: Chunk             |     3 |     3 |     2 |     9 |       ||    17
       Bread ration      |       |     1 |     1 |     4 |       ||     6
       Fruit             |       |       |     1 |     2 |       ||     3
Armor: Leather armour    |    25 |    28 |    18 |    62 |     5 ||   138
Dodge: Dodged            |    62 |    39 |    31 |   165 |     6 ||   303
Block: Other             |    14 |     2 |       |       |       ||    16
       Shield            |       |    48 |    96 |   410 |    17 ||   571
       Reflection        |       |       |     7 |    15 |     5 ||    27
